 Dungeon Crawl Stone Soup version 0.23.2-1-ga50397a (webtiles) character file.

Game seed: 13794096217777419609

46723 KeeTraxx the Fighter (level 14, -2/103 HPs)
             Began as a Kobold Gladiator on May 10, 2019.
             Was an Elder of Uskayaw.
             Slain by an alligator (11 damage)
             ... on level 1 of the Swamp.
             The game lasted 01:49:09 (20180 turns).

KeeTraxx the Fighter (Kobold Gladiator)            Turns: 20180, Time: 01:49:10

Health: -2/103     AC:  9    Str: 14    XL:     14   Next: 77%
Magic:  0/33       EV: 19    Int: 13    God:    Uskayaw [****..]
Gold:   1263       SH: 13    Dex: 22    Spells: 18/26 levels left

rFire    . . .     SeeInvis .   e - +7 war axe of Reason {vamp, Int+2}
rCold    . . .     Gourm    .   K - +0 shield
rNeg     . . .     Faith    .   X - +0 swamp dragon scales
rPois    +         Spirit   +   c - +1 helmet
rElec    .         Reflect  .   L - scarf {Spirit}
rCorr    .         Harm     .   (no gloves)
MR       ++...                  (no boots)
Stlth    ++++......             T - amulet of Vitality {Regen+ HP+15}
HPRegen  0.67/turn              n - ring of magical power
MPRegen  0.23/turn              P - ring of protection from magic

@: agile
A: small, carnivore
a: Stomp, Line Pass, Renounce Religion


You were on level 1 of the Swamp.
You worshipped Uskayaw.
Uskayaw was noncommittal.
You were very full.

You visited 5 branches of the dungeon, and saw 18 of its levels.
You also visited: Ossuary, Ice Cave and Volcano.

You collected 1443 gold pieces.
You spent 180 gold pieces at shops.

Inventory:

Hand Weapons
 a - a +2 whip of electrocution
 b - a +0 blowgun
 e - the +7 war axe of Reason (weapon) {vamp, Int+2}
   (You found it on level 4 of the Dungeon)

   It inflicts no extra harm, but heals its wielder when it wounds a living foe.
   It affects your intelligence (+2).
 r - the +8 arbalest of Suchois {flame, MR+ Str+4 Int+4, unknown}
   (You found it on level 6 of the Lair of Beasts)

   It causes projectiles fired from it to burn those they strike, causing extra
   injury to most foes and up to half again as much damage against particularly
   susceptible opponents.
   It affects your strength (+4).
   It affects your intelligence (+4).
   It affects your resistance to hostile enchantments.
 s - a +4 scimitar of flaming
Missiles
 d - 3 throwing nets (quivered)
 i - 74 poisoned needles
Armour
 c - a +1 helmet (worn)
 t - a +2 cloak
 x - a +2 robe of magic resistance
 z - a +3 ring mail of fire resistance
 K - a +0 shield (worn)
 L - a scarf of spirit shield (worn)
 X - +0 swamp dragon scales (worn)
Jewellery
 n - a ring of magical power (left hand)
 C - a +2 amulet of reflection
 P - a ring of protection from magic (right hand)
 S - an uncursed ring of poison resistance
 T - the amulet of Vitality (around neck) {Regen+ HP+15}
   (You found it on level 9 of the Dungeon)

   [amulet of regeneration]

   It affects your health (+15).
   It increases your rate of regeneration.
Wands
 k - a wand of digging (4)
 G - a wand of disintegration (1)
 Q - a wand of iceblast (13)
 U - a wand of paralysis (18)
Scrolls
 g - 5 scrolls of teleportation
 q - 11 scrolls of remove curse
 F - 2 scrolls of amnesia {unknown}
 I - 5 scrolls of enchant armour
 N - 5 scrolls of enchant weapon
 O - 3 scrolls of acquirement {unknown}
 R - 2 scrolls of fog {unknown}
 V - a scroll of noise {unknown}
 W - a scroll of holy word {unknown}
 Y - a scroll of brand weapon {unknown}
Potions
 h - 2 potions of magic
 j - 2 potions of agility
 l - 2 potions of might {unknown}
 o - 2 potions of brilliance {unknown}
 p - 4 potions of lignification
 u - 3 potions of flight
 v - 2 potions of ambrosia {unknown}
 w - 6 potions of mutation
 B - a potion of resistance {unknown}
 D - 2 potions of haste {unknown}
 E - 14 potions of curing
 H - 2 potions of cancellation {unknown}
 J - a potion of experience {unknown}
 Z - a potion of berserk rage {unknown}
Miscellaneous
 m - a phantom mirror
Comestibles
 f - 32 rations
 A - 6 chunks of flesh


   Skills:
 - Level 10.9 Fighting
   Level 10.2 Short Blades
 + Level 3.4(7.3) Axes
 - Level 10.9(11.1) Maces & Flails
 - Level 2.2 Throwing
 - Level 0.1 Armour
 - Level 4.1 Dodging
 - Level 7.3 Stealth
 - Level 10.9 Shields
 + Level 6.8 Spellcasting
 * Level 6.8 Necromancy
 * Level 5.1 Invocations


You had 18 spell levels left.
You knew the following spells:

 Your Spells              Type           Power        Failure   Level  Hunger
a - Animate Skeleton      Necr           N/A          4%          1    None
b - Regeneration          Chrm/Necr      ##........   52%         3    ###....
c - Animate Dead          Necr           N/A          45%         4    ####...

Your spell library contained the following spells:

 Spells                   Type           Power        Failure   Level  Hunger
 Pain                     Necr           ###.         4%          1    None
 Sublimation of Blood     Necr           ###.......   8%          2    #......
 Vampiric Draining        Necr           ###.......   16%         3    ###....
 Freeze                   Ice            #...         63%         1    None
 Magic Dart               Conj           #...         63%         1    None
 Summon Small Mammal      Summ           #...         63%         1    None
 Call Imp                 Summ           #.......     77%         2    #......
 Searing Ray              Conj           #.....       77%         2    #......
 Throw Frost              Conj/Ice       #.....       77%         2    #......
 Call Canine Familiar     Summ           #.......     94%         3    ###....
 Dazzling Spray           Conj/Hex       #.....       94%         3    ###....
 Ignite Poison            Fire/Tmut/Pois #.......     94%         3    ###....
 Ozocubu's Armour         Chrm/Ice       #.......     94%         3    ###....
 Summon Guardian Golem    Hex/Summ       #.......     94%         3    ###....
 Cause Fear               Hex            #.........   100%        4    ####...
 Force Lance              Conj/Tloc      #.......     100%        4    ####...
 Fulminant Prism          Conj/Hex       #.........   100%        4    ####...
 Ice Form                 Ice/Tmut       #.......     100%        4    ####...
 Iskenderun's Mystic Bla  Conj           #.......     100%        4    ####...
 Petrify                  Tmut/Erth      #.......     100%        4    ####...
 Summon Ice Beast         Ice/Summ       #.......     100%        4    ####...
 Summon Lightning Spire   Summ/Air       #.......     100%        4    ####...
 Throw Icicle             Conj/Ice       #.......     100%        4    ####...
 Alistair's Intoxication  Tmut/Pois      #.......     100%        5    ######.
 Bolt of Magma            Conj/Fire/Erth #.........   100%        5    ######.
 Irradiate                Conj/Tmut      #.........   100%        5    ######.
 Iskenderun's Battlesphe  Conj/Chrm      #.......     100%        5    ######.
 Metabolic Englaciation   Hex/Ice        #.........   100%        5    ######.
 Silence                  Hex/Air        #.........   100%        5    ######.
 Venom Bolt               Conj/Pois      #.........   100%        5    ######.
 Yara's Violent Unravell  Hex/Tmut       #.........   100%        5    ######.
 Bolt of Cold             Conj/Ice       #.........   100%        6    #######
 Deflect Missiles         Chrm/Air       #.........   100%        6    #######
 Freezing Cloud           Conj/Ice/Air   #.........   100%        6    #######
 Iron Shot                Conj/Erth      #.........   100%        6    #######
 Ozocubu's Refrigeration  Ice            #.........   100%        6    #######
 Simulacrum               Ice/Necr       ##........   100%        6    #######
 Orb of Destruction       Conj           #.........   100%        7    #######
 Spellforged Servitor     Conj/Summ      #.........   100%        7    #######
 Discord                  Hex            #.........   100%        8    #######


Dungeon Overview and Level Annotations

Branches:
Dungeon (9/15)             Temple (1/1) D:7            Lair (6/6) D:9
  Swamp (1/4) Lair:2        Snake (1/4) Lair:2        Slime (0/5) Lair:5
    Orc: D:9-12

Altars:
Ashenzari
Cheibriados
Dithmenos
Elyvilon
Fedhas
Gozag
Hepliaklqana
Kikubaaqudgha
Makhleb
Nemelex Xobeh
Okawaru
Qazlal
Ru
Sif Muna
Trog
Uskayaw
Vehumet
Wu Jian
Xom
Yredelemnul
Zin
The Shining One

Shops:
D:4 !*(

Annotations:
Lair:2 exclusion: oklob plant
Lair:4 Rupert


Innate Abilities, Weirdness & Mutations

You are small and have problems with some larger weapons.
You are carnivorous and can eat meat at any time.


Message History

* * * LOW HITPOINT WARNING * * *
The alligator bites you!!
* * * LOW HITPOINT WARNING * * *
You block the alligator's attack.
Okay, then.
Unknown command.
Okay, then.
You feel agile all of a sudden. The alligator misses you.
The alligator tail-slaps you but does no damage.
You hit the alligator.
You feel better.
The alligator is heavily wounded.
The alligator bites you but does no damage.
The alligator tail-slaps you.
* * * LOW HITPOINT WARNING * * *
You hit the alligator.
You feel better.
The alligator is heavily wounded.
The alligator completely misses you. You block the alligator's attack.
The alligator bites you!
You die...

♣♣♣♣♣..≈≈≈..≈.....
...♣♣.≈≈..≈≈≈≈.≈≈.
≈≈.≈.≈≈≈≈......♣♣♣
≈≈.....≈..≈≈≈..♣
≈....$≈≈.≈♣♣♣♣.♣
≈♣≈.≈≈≈.§♣ §..
♣♣≈≈≈≈.≈♣ ...
♣.≈.<.†♣♣♣♣≈...
♣≈≈♣.†@t§§≈..≈.
♣♣♣.≈♣♣♣....≈..
♣.≈♣ ...≈..≈ ♣..♣
.....≈♣ ♣...
.♣♣♣.≈♣ ♣.♣♣ .♣ ≈♣
♣≈ .♣ ♣ ♣. .≈


You could see an alligator.

Vanquished Creatures
  Gastronok (Lair:1)
  Nessos (Lair:5)
  Josephine (Lair:4)
  2 catoblepae
  A deep troll shaman (Lair:6)
  2 death yaks (Lair:6)
  12 elephants
  5 black mambas
  Joseph (Lair:1)
  2 molten gargoyles (Volcano)
  A centaur skeleton (D:9)
  12 spiny frogs
  9 rime drakes
  3 efreet (Volcano)
  5 komodo dragons
  A tyrant leech (Lair:2)
  6 polar bears
  3 hornets
  Prince Ribbit (D:5)
  4 blink frogs
  5 hippogriffs
  3 dream sheep (Lair:6)
  Sigmund (D:3)
  4 wraiths
  28 yaks
  A spriggan (Lair:2)
  2 wyverns
  5 basilisks
  5 fire elementals (Volcano)
  Grum (Lair:1)
  A hungry ghost (D:8)
  8 vampire mosquitoes
  Duvessa (D:5)
  13 porcupines
  9 water moccasins
  2 swamp drakes
  A sky beast (D:9)
  4 orc warriors
  A phantom (D:8)
  13 ice beasts
  4 black bears
  A hornet zombie (D:8)
  2 ogres
  7 wolves
  12 crocodiles
  Blork the orc (D:5)
  3 big kobolds
  16 bullfrogs
  Dowan (D:5)
  4 scorpions
  4 killer bees
  7 howler monkeys
  3 crimson imps
  5 hounds
  5 orc priests
  A quasit (D:6)
  A bullfrog zombie (D:8)
  A jelly (D:7)
  7 iguanas
  3 bullfrog skeletons
  A gnoll shaman (D:7)
  Jessica (D:3)
  12 orc wizards
  5 worker ants
  A killer bee zombie (D:6)
  A hound skeleton (D:4)
  4 mummies
  7 gnolls
  A howler monkey skeleton (D:8)
  4 adders
  An ooze (D:1)
  An adder zombie (D:5)
  An adder skeleton (D:4)
  2 worms (D:2)
  2 dart slugs (D:1)
  4 leopard geckos
  42 orcs
  2 giant cockroaches
  A gnoll zombie (Ossuary)
  5 goblins
  6 hobgoblins
  7 jackals
  2 quokkas
  A ball python (D:3)
  10 bats
  7 frilled lizards
  5 goblin zombies
  24 kobolds
  3 kobold zombies (Ossuary)
  An orc zombie (D:7)
  A quokka skeleton (D:4)
  4 rats
  A plant (Lair:6)
439 creatures vanquished.

Vanquished Creatures (collateral kills)
  A dire elephant (Lair:6)
  A hydra (Lair:6)
  A swamp dragon (Lair:2)
  An elephant (Lair:6)
  2 black mambas
  A spiny frog (Lair:6)
  A komodo dragon (Lair:6)
  3 slime creatures (Lair:5)
  2 blink frogs
  A hippogriff (Lair:6)
  4 dream sheep (Lair:6)
  A yak (Lair:5)
  A water moccasin (Lair:6)
  4 crocodiles
  A bullfrog (Lair:5)
  A jelly (Lair:5)
  2 fungi
  5 plants
33 creatures vanquished.

Vanquished Creatures (others)
  A blink frog (Lair:5)
  A polar bear (Lair:5)
  A kobold (D:9)
  A bush (Lair:6)
  16 fungi (Lair:6)
  18 plants
38 creatures vanquished.

Grand Total: 510 creatures vanquished

Notes
Turn   | Place    | Note
-------+----------+-------------------------------------------
     0 | D:1      | KeeTraxx the Kobold Gladiator began the quest for the Orb.
     0 | D:1      | Reached XP level 1. HP: 12/12 MP: 1/1
   215 | D:1      | Reached XP level 2. HP: 18/18 MP: 2/2
   684 | D:1      | Reached XP level 3. HP: 20/22 MP: 3/3
  1393 | D:2      | Reached skill level 5 in Short Blades
  1393 | D:2      | Reached XP level 4. HP: 16/27 MP: 4/4
  1569 | D:2      | Reached skill level 1 in Stealth
  2267 | D:3      | Noticed Sigmund
  2312 | D:3      | Killed Sigmund
  2312 | D:3      | Reached XP level 5. HP: 28/33 MP: 5/5
  2312 | D:3      | Reached XP level 6. HP: 32/38 MP: 6/6
  2531 | D:3      | Found a radiant altar of Vehumet.
  2822 | D:3      | Noticed Jessica
  2826 | D:3      | Killed Jessica
  3130 | D:3      | Reached XP level 7. HP: 44/44 MP: 7/7
  3423 | D:4      | Found Buowuit's Antique Weapon Shop.
  3426 | D:4      | Found a burning altar of Makhleb.
  3648 | D:4      | Reached skill level 5 in Fighting
  3653 | D:4      | Got a smoking war axe
  4075 | D:4      | Reached XP level 8. HP: 40/50 MP: 8/8
  4109 | D:4      | Found Atyeff's General Store.
  4209 | D:4      | Found Exoeruc's Distillery.
  4212 | D:4      | Bought a potion of curing for 36 gold pieces
  4212 | D:4      | Bought a potion of heal wounds for 60 gold pieces
  4212 | D:4      | Bought a potion of degeneration for 12 gold pieces
  4213 | D:4      | Bought a potion of curing for 36 gold pieces
  4213 | D:4      | Bought a potion of curing for 36 gold pieces
  4225 | D:5      | Entered Level 5 of the Dungeon
  4322 | D:5      | Noticed Duvessa
  4323 | D:5      | Found an iron altar of Okawaru.
  4325 | D:5      | Noticed Dowan
  4343 | D:5      | Killed Duvessa
  4346 | D:5      | Killed Dowan
  4564 | D:4      | Reached skill level 5 in Stealth
  4849 | D:5      | Noticed Prince Ribbit
  4952 | D:5      | Killed Prince Ribbit
  4952 | D:5      | Reached skill level 10 in Short Blades
  5047 | D:5      | Noticed Blork the orc
  5050 | D:5      | Killed Blork the orc
  5050 | D:5      | Reached XP level 9. HP: 56/56 MP: 9/9
  5261 | D:6      | Reached skill level 1 in Maces & Flails
  5556 | D:6      | Got a jewelled leather armour
  5557 | D:6      | Identified the +1 leather armour of Juzexa {*Corrode rElec
                  | Stlth+} (You found it on level 6 of the Dungeon)
  5757 | D:7      | Found a sand-covered staircase.
  5769 | Ossuary  | Entered an ossuary
  5954 | Ossuary  | Reached skill level 1 in Shields
  6305 | D:7      | Found a staircase to the Ecumenical Temple.
  6319 | Temple   | Entered the Ecumenical Temple
  6383 | Temple   | Became a worshipper of Uskayaw the Reveler
  6428 | D:7      | Found a hazy altar of Hepliaklqana.
  6459 | D:7      | Reached * piety under Uskayaw
  6487 | D:7      | Noticed a hippogriff
  6495 | D:7      | Reached ** piety under Uskayaw
  6499 | D:7      | Reached *** piety under Uskayaw
  6500 | D:7      | Killed a hippogriff
  6508 | D:7      | Reached **** piety under Uskayaw
  6518 | D:7      | Found a stormy altar of Qazlal.
  6533 | D:7      | Found an ornate altar of the Wu Jian Council.
  6541 | D:7      | Found a shadowy altar of Dithmenos.
  6600 | D:7      | Reached skill level 5 in Maces & Flails
  6634 | D:7      | Reached XP level 10. HP: 56/63 MP: 10/10
  8416 | D:9      | Found a deep blue altar of Sif Muna.
  8423 | D:9      | Found a sparkling altar of Nemelex Xobeh.
  8424 | D:9      | Found a bloodstained altar of Trog.
  8426 | D:9      | Found a hazy altar of Hepliaklqana.
  8427 | D:9      | Found a basalt altar of Yredelemnul.
  8429 | D:9      | Found a glowing golden altar of the Shining One.
  8459 | D:9      | Reached skill level 5 in Shields
  8830 | D:9      | Reached ***** piety under Uskayaw
  8837 | D:9      | Reached XP level 11. HP: 49/69 MP: 11/11
  8907 | D:9      | Found a staircase to the Lair.
  9064 | D:9      | Found a blossoming altar of Fedhas.
  9301 | D:9      | Found the amulet of Vitality {Regen+ HP+15}
  9478 | D:9      | Paralysed by a hornet for 3 turns
 10226 | Lair:1   | Entered Level 1 of the Lair of Beasts
 10294 | Lair:1   | Found a frozen archway.
 10300 | IceCv    | Entered an ice cave
 11766 | Lair:1   | Noticed Grum
 11767 | Lair:1   | Noticed Joseph
 11795 | Lair:1   | Killed Grum
 11827 | Lair:1   | Killed Joseph
 11827 | Lair:1   | Reached XP level 12. HP: 71/77 MP: 10/12
 12133 | Lair:1   | Noticed Gastronok
 12158 | Lair:1   | Killed Gastronok
 12158 | Lair:1   | Reached skill level 10 in Fighting
 12707 | Lair:2   | Found a staircase to the Swamp.
 12723 | Lair:2   | Noticed a swamp dragon
 12890 | Lair:1   | Learned a level 4 spell: Animate Dead
 12900 | Lair:2   | Killed a swamp dragon
 13004 | Lair:2   | Noticed a catoblepas
 13037 | Lair:2   | Killed a catoblepas
 13037 | Lair:2   | Reached skill level 1 in Spellcasting
 13037 | Lair:2   | Reached skill level 1 in Necromancy
 13152 | Lair:2   | Found a staircase to the Snake Pit.
 13161 | Snake:1  | Entered Level 1 of the Snake Pit
 13161 | Snake:1  | Noticed an anaconda
 13970 | Lair:3   | Found a dark tunnel.
 13989 | Volcano  | Entered a volcano
 14315 | Volcano  | Reached XP level 13. HP: 64/84 MP: 16/16
 14689 | Lair:3   | Reached skill level 10 in Maces & Flails
 14775 | Lair:3   | Learned a level 3 spell: Regeneration
 14779 | Lair:3   | Learned a level 1 spell: Animate Skeleton
 15432 | Lair:4   | Noticed Rupert
 15690 | Lair:4   | Reached skill level 10 in Shields
 15925 | Lair:4   | Noticed Josephine
 15950 | Lair:4   | Killed Josephine
 16265 | Lair:5   | Noticed Nessos
 16490 | Lair:5   | Reached skill level 1 in Invocations
 16619 | Lair:5   | Found a staircase to the Slime Pits.
 16941 | Lair:5   | Killed Nessos
 17306 | Lair:6   | Entered Level 6 of the Lair of Beasts
 17379 | Lair:6   | Reached XP level 14. HP: 83/88 MP: 21/21
 17459 | Lair:6   | Reached skill level 5 in Spellcasting
 17542 | Lair:6   | Reached skill level 5 in Necromancy
 18306 | Lair:6   | Identified the +7 war axe of Reason {vamp, Int+2} (You
                  | found it on level 4 of the Dungeon)
 18728 | Lair:6   | Reached skill level 1 in Axes
 19023 | Lair:6   | Noticed a dire elephant
 19108 | Lair:6   | HP: 1/103 [catoblepas (11)]
 19451 | Lair:6   | Killed a dire elephant
 19558 | Lair:6   | Got a steaming arbalest
 19908 | Swamp:1  | Entered Level 1 of the Swamp
 20071 | Lair:2   | Reached skill level 5 in Invocations
 20109 | Lair:2   | Paralysed by a hornet for 1 turns
 20177 | Swamp:1  | HP: 3/103 [alligator (18)]
 20180 | Swamp:1  | Slain by an alligator

Skill      XL: |  1  2  3  4  5  6  7  8  9 10 11 12 13 14 |
---------------+-------------------------------------------+-----
Dodging        | 4 |  4.1
Short Blades   | 5 7 8 10 | 10.2
Stealth        | 1 2 3 5 7 |  7.3
Fighting       | 4 5 6 7 8 9 10 | 10.9
Maces & Flails | 5 6 8 9 10 | 10.9
Shields        | 2 5 8 9 10 | 10.9
Spellcasting   | 2 4 6 |  6.8
Necromancy     | 2 4 6 |  6.8
Invocations    | 2 5 |  5.1
Axes           | 3 |  3.4
Throwing       | |  2.2
Armour         | |  0.1

Action                   |  1- 3 |  4- 6 |  7- 9 | 10-12 | 13-15 || total
-------------------------+-------+-------+-------+-------+-------++-------
Melee: Rapier            |    83 |    94 |       |       |       ||   177
       Dagger            |       |     8 |   129 |    12 |       ||   149
       Whip              |       |       |   212 |   912 |   684 ||  1808
       War axe           |       |       |       |       |   213 ||   213
       Scimitar          |       |       |       |       |     3 ||     3
 Fire: Hunting sling     |    16 |    65 |    12 |       |       ||    93
       Blowgun           |       |       |     8 |   180 |    44 ||   232
 Cast: Animate Skeleton  |       |       |       |       |    41 ||    41
Invok: Line Pass         |       |       |     1 |     2 |     1 ||     4
       Stomp             |       |       |       |       |     8 ||     8
Evoke: Wand              |       |       |     8 |    16 |    10 ||    34
  Use: Scroll            |       |       |    15 |     4 |     4 ||    23
       Potion            |       |       |       |     4 |     5 ||     9
 Stab: Sleeping          |     1 |       |     6 |     9 |     7 ||    23
       Paralysed         |       |       |     3 |    22 |    53 ||    78
       Distracted        |       |       |       |     1 |     4 ||     5
       Petrified         |       |       |       |       |    15 ||    15
  Eat: Chunk             |    10 |     5 |    12 |    31 |    31 ||    89
Armor: Ring mail         |    26 |    19 |    60 |   168 |       ||   273
       Leather armour    |     1 |       |       |       |       ||     1
       Robe              |       |       |    22 |       |       ||    22
       Skin              |       |       |       |     9 |       ||     9
       Swamp dragon scal |       |       |       |    13 |   165 ||   178
Dodge: Dodged            |    63 |    54 |   170 |   298 |   355 ||   940
Block: Shield            |       |       |    61 |   425 |   438 ||   924
       Reflection        |       |       |       |    14 |     6 ||    20
       Rpst.: Scimitar   |       |       |       |       |     1 ||     1
